 Dungeon Crawl Stone Soup version 0.19.1 (webtiles) character file.

152 OrDronus the Firebug (level 5, -9/28 HPs)
             Began as a Deep Elf Fire Elementalist on Dec 18, 2016.
             Was a Follower of Kikubaaqudgha.
             Killed from afar by an orc wizard (10 damage)
             ... with a magic dart
             ... on level 2 of the Dungeon.
             The game lasted 00:21:50 (3162 turns).

OrDronus the Firebug (Deep Elf Fire Elementalist)   Turns: 3162, Time: 00:21:51

Health: -9/28      AC:  2    Str:  5    XL:     5   Next: 11%
Magic:  7/13       EV: 13    Int: 21    God:    Kikubaaqudgha [*.....]
Gold:   113        SH:  0    Dex: 15    Spells: 5 memorised, 2 levels left

rFire  . . .     SeeInvis .     (no weapon)
rCold  . . .     Gourm    .     a - +0 robe
rNeg   . . .     Faith    .     (no shield)
rPois  .         Spirit   .     (no helmet)
rElec  .         Reflect  .     (no cloak)
rCorr  .         Harm     .     (no gloves)
MR     .....                    (no boots)
Stlth  ++........               (no amulet)
                                (no ring)
                                (no ring)

@: no status effects
A: no striking features
a: Receive Corpses, Renounce Religion


You were on level 2 of the Dungeon.
You worshipped Kikubaaqudgha.
Kikubaaqudgha was aware of your devotion.
You were not hungry.

You visited 1 branch of the dungeon, and saw 3 of its levels.

You collected 113 gold pieces.

Inventory:

Hand Weapons
 l - a +0 dagger
Armour
 a - a +0 robe (worn)
 k - a +3 ring mail of fire resistance
Jewellery
 g - a +5 ring of dexterity {unknown}
 p - a +3 amulet of reflection {unknown}
Scrolls
 e - 7 scrolls of identify
 h - 2 scrolls of magic mapping
 o - 3 scrolls of blinking
Potions
 d - a potion of resistance
 f - a potion of cure mutation {unknown}
 j - a potion of mutation {unknown}
 n - a potion of agility {unknown}
 q - a potion of might {unknown}
 r - a potion of curing {unknown}
 u - a potion of heal wounds {unknown}
Books
 b - a book of Flames

   Spells                             Type                      Level
   a - Flame Tongue                   Conjuration/Fire             1
   b - Throw Flame                    Conjuration/Fire             2
   c - Conjure Flame                  Conjuration/Fire             3
   d - Inner Flame                    Hexes/Fire                   3
   e - Sticky Flame                   Conjuration/Fire             4
   f - Fireball                       Conjuration/Fire             5
 v - Kikubaaqudgha's Handbook of Darkness
   (Kikubaaqudgha gifted it to you on level 3 of the Dungeon)

   Spells                             Type                      Level
   a - Pain                           Necromancy                   1
   b - Corpse Rot                     Necromancy                   2
   c - Sublimation of Blood           Necromancy                   2
   d - Regeneration                   Charms/Necromancy            3
   e - Control Undead                 Necromancy                   4
Comestibles
 c - 5 bread rations
 i - a meat ration
 m - 4 fruits
 t - 2 chunks of flesh


   Skills:
 + Level 2.7 Dodging
 + Level 3.2 Stealth
 + Level 4.5 Spellcasting
 + Level 2.6 Conjurations
 * Level 0.2 Necromancy
 + Level 4.5 Fire Magic


You had 2 spell levels left.
You knew the following spells:

 Your Spells              Type           Power        Failure   Level  Hunger
a - Flame Tongue          Conj/Fire      ###..        2%          1    None
b - Conjure Flame         Conj/Fire      ###.....     10%         3    ##.....
c - Throw Flame           Conj/Fire      ###...       4%          2    #......
d - Inner Flame           Hex/Fire       ##......     17%         3    ##.....
e - Corpse Rot            Necr           N/A          17%         2    #......


Dungeon Overview and Level Annotations

Branches:
Dungeon (3/15)

Altars:
Kikubaaqudgha
Makhleb
Okawaru
Trog
Vehumet


Message History

Okay, then.
Okay, then.
Okay, then.
Casting: Throw Flame
Confirm with . or Enter, or press ? or * to list all spells.
Okay, then.
Casting: Throw Flame
Confirm with . or Enter, or press ? or * to list all spells.
Aiming: Conjure Flame
Press: ? - help, Dir - move target cursor The fire roars!
The orc wizard casts a spell.
Your magical contamination has completely faded away.
The orc wizard gestures at you while chanting.
The puff of frost hits you!
* * * LOW HITPOINT WARNING * * *
The orc wizard gestures at you while chanting.
The magic dart hits you!
You die...
Kikubaaqudgha rasps: "You have failed me!
Welcome... death!"

#######...###.#.#.# #.
#...##.....##.#(#.# #.
#.###.......#.#.#.#######. #.#
#..._...#...#.#....... #.#
#.......#...........## #### #.#
##.....##.............
...#####.#####(..##............##
.............#####..........)....
.........o......@.......##)#.....
......##.########.#.##..##.#.)...
#.....##.#......#.#.##..##.#8....
#.....##........#.#.....##.#.....
#.....#########......#..##.#8....
#.....# #............#.....
#.###.# #.<..........#8.... #.#
#o#########............#..... ..#
#>.>................)..#8....


You could see an orc wizard.

Vanquished Creatures
  4 gnolls (D:2)
  3 adders
  An ooze (D:1)
  A worm (D:3)
  A dart slug (D:1)
  A leopard gecko (D:3)
  6 orcs (D:3)
  5 giant cockroaches
  10 goblins
  6 hobgoblins
  2 jackals (D:1)
  2 quokkas
  9 bats
  3 frilled lizards
  13 kobolds (D:3)
  6 rats
73 creatures vanquished.

Notes
Turn   | Place    | Note
-------+----------+-------------------------------------------
     0 | D:1      | OrDronus the Deep Elf Fire Elementalist began the quest for the Orb.
     0 | D:1      | Reached XP level 1. HP: 10/10 MP: 6/6
   171 | D:1      | Reached XP level 2. HP: 15/15 MP: 4/8
   850 | D:2      | Reached XP level 3. HP: 19/19 MP: 7/10
   939 | D:2      | Found a burning altar of Makhleb.
   942 | D:2      | Found a radiant altar of Vehumet.
   952 | D:2      | Learned a level 3 spell: Conjure Flame
  1078 | D:2      | Found an iron altar of Okawaru.
  1258 | D:2      | Found a bloodstained altar of Trog.
  1369 | D:2      | Learned a level 2 spell: Throw Flame
  1373 | D:2      | Learned a level 3 spell: Inner Flame
  1403 | D:2      | Reached XP level 4. HP: 24/24 MP: 0/12
  1722 | D:2      | Found an ancient bone altar of Kikubaaqudgha.
  1731 | D:2      | Became a worshipper of Kikubaaqudgha
  2772 | D:3      | Reached * piety under Kikubaaqudgha
  2772 | D:3      | Identified Kikubaaqudgha's Handbook of Darkness (Kikubaaqudgha gifted it to you on level 3 of the Dungeon)
  2772 | D:3      | Received a gift from Kikubaaqudgha
  2865 | D:3      | Learned a level 2 spell: Corpse Rot
  2889 | D:3      | Reached XP level 5. HP: 24/28 MP: 2/13
  3089 | D:3      | Found a faded altar of an unknown god.
  3161 | D:2      | HP: 1/28 [orc wizard/puff of frost (8)]
  3162 | D:2      | Killed from afar by an orc wizard

Skill      XL: |  1  2  3  4 |
---------------+-------------+-----
Spellcasting   | 4 |  4.5
Conjurations   | 2 |  2.6
Fire Magic     | 4 |  4.5
Stealth        | 3 |  3.2
Dodging        | |  2.7
Necromancy     | |  0.2

Action                   |  1- 3 |  4- 6 || total
-------------------------+-------+-------++-------
 Cast: Flame Tongue      |    61 |    65 ||   126
       Conjure Flame     |     3 |     3 ||     6
       Throw Flame       |       |    21 ||    21
       Inner Flame       |       |     3 ||     3
  Use: Scroll            |       |     6 ||     6
  Eat: Chunk             |     1 |     6 ||     7
Armor: Robe              |     2 |     7 ||     9
Dodge: Dodged            |     7 |    23 ||    30
